 Dungeon Crawl Stone Soup version 0.30-a0-364-gf6b3ef1049 (webtiles) character file.

Game seed: 14232112331306820216

93 Mialek the Vexing (level 4, 0/21 HPs)
             Began as a Spriggan Enchanter on Nov 14, 2022.
             Constricted to death by a ball python (1 damage)
             ... on level 3 of the Dungeon.
             The game lasted 00:04:22 (1847 turns).

Mialek the Vexing (Spriggan Enchanter)              Turns: 1847, Time: 00:04:23

Health: 0/21       AC:  2    Str:  4    XL:     4   Next: 36%
Magic:  7/11       EV: 14    Int: 16    God:
Gold:   82         SH:  0    Dex: 17    Spells: 4/12 levels left

rFire   . . .      SeeInvis +    a - +2 dagger (flame)
rCold   . . .      Faith    .    (no shield)
rNeg    . . .      Spirit   .    b - +0 robe
rPois   .          Reflect  .    (helmet restricted)
rElec   .          Harm     .    (no cloak)
rCorr   .          Rampage  .    (gloves unavailable)
Will    .....                    (boots unavailable)
Stlth   +++.......               (no amulet)
HPRegen 0.23/turn                (no ring)
MPRegen 0.12/turn                (no ring)

@: constricted, very quick
A: very small, no large weapons, unfitting armour, see invisible, speed 3
a: no special abilities


You were on level 3 of the Dungeon.
You visited 1 branch of the dungeon, and saw 3 of its levels.

You collected 82 gold pieces.

Inventory:

Hand Weapons
 a - a +2 dagger of flaming (weapon)
 g - a +0 dagger of venom
Armour
 b - a +0 robe (worn)
Scrolls
 e - a scroll of identify
 h - a scroll of blinking {unknown}
Potions
 c - a potion of invisibility
 d - 2 potions of lignification
 f - a potion of ambrosia
 i - a potion of flight


   Skills:
 - Level 1.1 Short Blades
 - Level 2.6 Dodging
 - Level 4.4 Stealth
 + Level 4.5 Spellcasting
 + Level 5.1 Hexes


You had 4 spell levels left.
You knew the following spells:

 Your Spells              Type           Power      Damage    Failure   Level
a - Ensorcelled Hibernat  Hex/Ice        22%        N/A       9%          2
b - Tukima's Dance        Hex            20%        N/A       6%          3
d - Confusing Touch       Hex            20%        N/A       6%          3

Your spell library contained the following spells:

 Spells                   Type           Power      Damage    Failure   Level
 Dazzling Flash           Conj/Hex       22%        N/A       17%         3


Dungeon Overview and Level Annotations

Branches:
Dungeon (3/15)

Altars:


Innate Abilities, Weirdness & Mutations

You are very small and have problems with some larger weapons.
You are too small for most types of armour.
You have supernaturally acute eyesight. (SInv)
You cover ground extremely quickly. (Speed+++)


Message History

You hit the goblin but do no damage.
The goblin is severely wounded.
The goblin misses you. The white imp spits at you.
The ball python closely misses you. The ball python grabs you.
The ball python constricts you.
You closely miss the ball python. The ball python bites you.
The ball python constricts you. The goblin hits you with a +0 dagger.
You barely miss the ball python. The ball python closely misses you.
The ball python constricts you. The goblin completely misses you.
You barely miss the ball python. The ball python barely misses you.
The ball python constricts you. The goblin hits you but does no damage.
The white imp misses you.
Casting: Ensorcelled Hibernation (safe; 9% risk of failure)
Confirm with . or Enter, or press ? or * to list all spells.
The spell is quite dangerous to miscast (6% risk of failure)!
Continue anyway?
Your hands begin to glow red.
The ball python misses you. The ball python constricts you.
The frilled lizard misses you. The goblin hits you with a +0 dagger.
The white imp barely misses you.
Unknown command.
Unknown command.
Unknown command.
Unknown command.
You hit the white imp but do no damage. The ball python barely misses you.
The ball python constricts you. The frilled lizard misses you.
The goblin hits you with a +0 dagger.
* * * LOW HITPOINT WARNING * * *
The white imp gestures at you. The puff of frost misses you.
Unknown command.
You hit the white imp but do no damage.
The white imp appears confused.
The ball python bites you.
* * * LOW HITPOINT WARNING * * *
The ball python constricts you.
* * * LOW HITPOINT WARNING * * *
The frilled lizard closely misses you. The goblin barely misses you.
The white imp closely misses you. The ball python bites you.
* * * LOW HITPOINT WARNING * * *
The ball python constricts you.
You die...

#......... .
#.....?... ..
#..<..... ...
#......# S.
...##......# ...
..........####...
..##.#5gS......>...
#......@l..........
####.......†#......
#.....)#......#
#..###†......## #..
###.....### #...
#<......# ....
#######.# ####.###
. ###......


You could see a white imp (confused), a goblin, a ball python and a frilled
lizard.

Vanquished Creatures
  A gnoll (D:1)
  2 adders (D:2)
  2 worms (D:2)
  An orc (D:3)
  3 bats
  5 endoplasms
  2 giant cockroaches
  5 goblins
  3 hobgoblins
  8 jackals
  8 kobolds
  2 quokkas
  4 ball pythons
  A frilled lizard (D:2)
  6 rats
  A bush (D:2)
54 creatures vanquished.

Vanquished Creatures (others)
  5 plants (D:2)
5 creatures vanquished.

Grand Total: 59 creatures vanquished

Notes
Turn   | Place    | Note
-------+----------+-------------------------------------------
     0 | D:1      | Mialek the Spriggan Enchanter began the quest for the Orb.
     0 | D:1      | Reached XP level 1. HP: 9/9 MP: 5/5
   234 | D:2      | Reached skill level 4 in Hexes
   234 | D:2      | Reached XP level 2. HP: 13/13 MP: 7/7
   237 | D:2      | Learned a level 2 spell: Ensorcelled Hibernation
   442 | D:2      | Reached XP level 3. HP: 16/16 MP: 9/9
   446 | D:2      | Learned a level 3 spell: Tukima's Dance
   450 | D:2      | Learned a level 3 spell: Confusing Touch
  1228 | D:1      | Reached XP level 4. HP: 20/21 MP: 11/11
  1328 | D:1      | Reached skill level 5 in Hexes
  1847 | D:3      | HP: 1/21 [ball python (1)]
  1847 | D:3      | Constricted to death by a ball python

Illustrated notes

Levels and vault maps discovered:
D:1:      scummos_arrival_forest, layout_rooms
D:2:      layout_basic, serial_forest, infiniplex_forest_lined_room_,
          infiniplex_forest_lined_room_2, infiniplex_forest_clump_curved,
          infiniplex_forest_clump_small, infiniplex_forest_end_3,
          infiniplex_forest_lined_room_3
D:3:      layout_rooms, mainiacjoe_overflow_paths, grunt_ministairs_3

Skill      XL: |  1  2  3  4 |
---------------+-------------+-----
Spellcasting   | 3 4 |  4.5
Hexes          | 4 5 |  5.1
Short Blades   | |  1.1
Dodging        | |  2.6
Stealth        | |  4.4

Action                   |  1- 3 |  4- 6 || total
-------------------------+-------+-------++-------
Melee: Dagger            |   110 |   226 ||   336
       Punch             |     2 |     4 ||     6
 Cast: Ensorcelled Hiber |     1 |     1 ||     2
       Confusing Touch   |       |     1 ||     1
  Use: Scroll            |     4 |     2 ||     6
       Potion            |     2 |       ||     2
 Stab: Sleeping          |     8 |     2 ||    10
       Invisible         |     1 |       ||     1
Armor: Skin              |     8 |       ||     8
       Robe              |     5 |     8 ||    13
Dodge: Dodged            |    67 |    52 ||   119

Table legend: (Time is in decaauts)
 A = Elapsed time spent in this place.
 B = Non-inter-level travel time spent in this place.
 C = Inter-level travel time spent in this place.
 D = Time resting spent in this place.
 E = Time spent auto-exploring this place.
 F = Levels seen in this place.
 G = Mean time per level.
                   A        B        C        D        E       F      G
               +--------+--------+--------+--------+--------+-----+--------+
         Total |   1322 |   1261 |     61 |     86 |    615 |   3 |  440.7 |
       Dungeon |   1322 |   1261 |     61 |     86 |    615 |   3 |  440.7 |
               +--------+--------+--------+--------+--------+-----+--------+

Top non-repeatable levels by time:
     D:2: 859 daAuts
     D:1: 437 daAuts
     D:3: 25 daAuts
